 Dungeon Crawl Stone Soup version 0.23.1 (webtiles) character file.

Game seed: 17466753615906648334

45 Borgoz the Sneak (level 3, -3/30 HPs)
             Began as a Ghoul Assassin on Mar 8, 2019.
             Slain by Sigmund
             ... wielding a +0 scythe of venom
              (5 damage)
             ... on level 2 of the Dungeon.
             The game lasted 00:01:37 (1148 turns).

Borgoz the Sneak (Ghoul Assassin)                   Turns: 1148, Time: 00:01:38

Health: -3/30      AC:  6    Str: 14    XL:     3   Next: 64%
Magic:  2/2        EV: 16    Int: 12    God:
Gold:   73         SH:  0    Dex: 15    Spells: 2/2 levels left

rFire    . . .     SeeInvis .   m - +0 short sword
rCold    + . .     Gourm    .   (no shield)
rNeg     + + +     Faith    .   i - +0 ring mail
rPois    ∞         Spirit   .   (no helmet)
rElec    .         Reflect  .   d - +0 cloak
rCorr    .         Harm     .   (no gloves)
MR       .....                  (no boots)
Stlth    ++........             (no amulet)
HPRegen  0.00/turn              (no ring)
MPRegen  0.08/turn              (no ring)

@: confused, brilliant, agile, rotting
A: rotting body, claws 1, carnivore, cold resistance 1, negative energy
resistance 3, inhibited regeneration, torment resistance, unbreathing
a: no special abilities


You were on level 2 of the Dungeon.
You were not hungry.

You visited 1 branch of the dungeon, and saw 2 of its levels.

You collected 73 gold pieces.

Inventory:

Hand Weapons
 b - a +0 blowgun
 m - a +0 short sword (weapon)
Missiles
 e - 41 poisoned needles
 f - 2 curare-tipped needles
Armour
 c - a +0 robe
 d - a +0 cloak (worn)
 i - a +0 ring mail (worn)
Scrolls
 a - a scroll of fog {unknown}
 j - a scroll of noise {unknown}
 l - 2 scrolls of teleportation {unknown}
 n - a scroll of fear {unknown}
 o - a scroll of identify {unknown}
 p - a scroll of blinking {unknown}
 r - a scroll of amnesia {unknown}
Comestibles
 g - 3 rations


   Skills:
 + Level 2.5 Fighting
 * Level 2.4 Short Blades
 - Level 1.7 Throwing
 * Level 1.4 Armour
 + Level 1.4 Dodging
 - Level 4.3 Stealth


You had 2 spell levels left.
You didn't know any spells.
Your spell library was empty.

Dungeon Overview and Level Annotations

Branches:
Dungeon (2/15)

Altars:

Annotations:
D:2 Sigmund


Innate Abilities, Weirdness & Mutations

Your body is rotting away.
You thrive on raw meat.
You are immune to poison.
You have sharp fingernails.
You are carnivorous and can eat meat at any time.
Your flesh is cold resistant. (rC+)
You are immune to negative energy. (rN+++)
You do not regenerate when monsters are visible.
You are immune to unholy pain and torment.
You can survive without breathing.


Message History

A puff of flame appears from out of thin air!
The puff of flame hits you!
* * * LOW HITPOINT WARNING * * *
You hit something. Something completely misses you.
You barely miss something.
It was a potion of brilliance.
You feel clever all of a sudden. Something hits you.
* * * LOW HITPOINT WARNING * * *
It was a potion of agility.
You feel agile all of a sudden. Something hits you but does no damage.
It was a potion of curing.
You feel better.
You barely miss something. Something hits you!
* * * LOW HITPOINT WARNING * * *
You barely miss something.
You hear some strange, mumbled words.
You are confused.
You bump into the rock wall.
Something hits you.
You die...

)# ## .# .######
....... .......
.$..... ##.......
#{....... #@#
#.#### ######
#...≈## #≈≈≈≈#
##≈≈≈≈### ###≈≈≈
###≈≈≈≈#####≈≈≈≈≈
####≈≈≈≈≈≈≈≈≈###
#.######≈≈≈###
#.# #########
#.###### #≈≈≈


There were no monsters in sight!

Vanquished Creatures
  An adder (D:2)
  A leopard gecko (D:1)
  A ball python (D:1)
  3 giant cockroaches
  A hobgoblin (D:1)
  2 jackals (D:1)
  7 kobolds
  A quokka (D:2)
  5 bats (D:1)
  3 frilled lizards
  4 goblins
  6 rats
35 creatures vanquished.

Notes
Turn   | Place    | Note
-------+----------+-------------------------------------------
     0 | D:1      | Borgoz the Ghoul Assassin began the quest for the Orb.
     0 | D:1      | Reached XP level 1. HP: 17/17 MP: 0/0
    84 | D:1      | Reached skill level 1 in Dodging
   130 | D:1      | Reached XP level 2. HP: 18/24 MP: 1/1
   274 | D:1      | Reached skill level 1 in Armour
   504 | D:1      | Reached XP level 3. HP: 29/30 MP: 2/2
  1132 | D:2      | Noticed Sigmund
  1148 | D:2      | Slain by Sigmund

Skill      XL: |  1  2 |
---------------+-------+-----
Short Blades   | 2 |  2.4
Dodging        | 1 |  1.4
Armour         | 1 |  1.4
Fighting       | |  2.5
Throwing       | |  1.7
Stealth        | |  4.3

Action                   || total
-------------------------++-------
Melee: Dagger            ||    36
       Short sword       ||   117
  Use: Potion            ||     3
 Stab: Sleeping          ||     5
  Eat: Chunk             ||     3
Armor: Ring mail         ||    62
       Robe              ||     2
Dodge: Dodged            ||    91
